 Dungeon Crawl Stone Soup version 0.24-a0-179-g7a2c91a (webtiles) character file.

Game seed: 7422281494546886430

64 Inarius the Sneak (level 3, -1/28 HPs)
             Began as a Demonspawn Assassin on Mar 13, 2019.
             Slain by an orc wizard
             ... wielding a +0 dagger
              (4 damage)
             ... on level 4 of the Dungeon.
             The game lasted 00:01:49 (1225 turns).

Inarius the Sneak (Demonspawn Assassin)             Turns: 1225, Time: 00:01:50

Health: -1/28      AC:  3    Str: 11    XL:     3   Next: 91%
Magic:  3/3        EV: 12    Int: 12    God:
Gold:   48         SH:  0    Dex: 15    Spells: 2/2 levels left

rFire    + . .     SeeInvis .   a - +2 dagger
rCold    + . .     Gourm    .   (no shield)
rNeg     . . .     Faith    .   c - +0 robe
rPois    +         Spirit   .   (no helmet)
rElec    +         Reflect  .   d - +0 cloak
rCorr    +         Harm     .   (no gloves)
MR       .....                  (no boots)
Stlth    +++.......             (no amulet)
HPRegen  0.09/turn              (no ring)
MPRegen  0.08/turn              (no ring)

@: resistant, hasted, very quick
A: talons 1
a: no special abilities


You were on level 4 of the Dungeon.
You were not hungry.

You visited 1 branch of the dungeon, and saw 3 of its levels.

You collected 48 gold pieces.

Inventory:

Hand Weapons
 a - a +2 dagger (weapon)
 b - a +0 blowgun
Missiles
 e - 18 poisoned needles
 f - 2 curare-tipped needles
Armour
 c - a +0 robe (worn)
 d - a +0 cloak (worn)
 p - a +0 leather armour
Scrolls
 n - a scroll of enchant armour {unknown}
 o - 2 scrolls of teleportation
Potions
 m - a potion of cancellation
Comestibles
 g - 2 rations
 h - 5 chunks of flesh


   Skills:
 + Level 2.4 Fighting
 + Level 2.3 Short Blades
 + Level 1.8 Throwing
 + Level 1.2 Dodging
 + Level 4.6 Stealth


You had 2 spell levels left.
You didn't know any spells.
Your spell library contained the following spells:

 Spells                   Type           Power        Failure   Level  Hunger
 Infusion                 Chrm           #...         32%         1    ##.....
 Shroud of Golubria       Chrm/Tloc      #.........   45%         2    ###....
 Song of Slaying          Chrm           #.......     45%         2    ###....
 Regeneration             Chrm/Necr      #.........   69%         3    ####...
 Spectral Weapon          Hex/Chrm       #.......     69%         3    ####...


Dungeon Overview and Level Annotations

Branches:
Dungeon (2/15)

Altars:

Annotations:
D:4 Eustachio


Innate Abilities, Weirdness & Mutations

You have sharp toenails.


Message History

You are too injured to fight recklessly!
You are too injured to fight recklessly!
Unknown command.
You are too injured to fight recklessly!
You hit the orc wizard.
The orc wizard is lightly wounded.
The orc wizard hits you with a +0 dagger.
The orc hits you with a +0 short sword.
* * * LOW HITPOINT WARNING * * *
It was a potion of resistance.
You feel protected. The orc wizard casts a spell at you.
The puff of flame hits you. You resist.
* * * LOW HITPOINT WARNING * * *
It was a potion of curing.
You feel better.
The orc priest invokes the aid of Beogh against you.
Beogh smites you!
* * * LOW HITPOINT WARNING * * *
The orc wizard hits you with a +0 dagger.
You die...

#### ##..### #.....
##...## #.....# # #
##....#.##..
..#.#.##oo.........
.......@##........#
........oo...#....#
.....##...#........
.... ##..#........
... ##......##.. ..
#......%# # .
......... #........


You could see an orc priest, an orc wizard and 2 orcs.

Vanquished Creatures
  A hound (D:4)
  An ooze (D:1)
  A dart slug (D:1)
  3 giant cockroaches
  2 goblins (D:1)
  7 hobgoblins
  2 ball pythons
  5 bats
  A frilled lizard (D:1)
  A kobold (D:1)
  5 rats
29 creatures vanquished.

Notes
Turn   | Place    | Note
-------+----------+-------------------------------------------
     0 | D:1      | Inarius the Demonspawn Assassin began the quest for the
                  | Orb.
     0 | D:1      | Reached XP level 1. HP: 16/16 MP: 1/1
   285 | D:1      | Reached skill level 1 in Dodging
   308 | D:1      | Reached skill level 4 in Stealth
   314 | D:1      | Gained mutation: You have sharp toenails. [demonic
                  | ancestry]
   314 | D:1      | Reached XP level 2. HP: 15/22 MP: 2/2
  1001 | D:1      | Reached XP level 3. HP: 27/27 MP: 3/3
  1195 | D:2      | You fall through a shaft for 2 floors!
  1213 | D:4      | Noticed Eustachio
  1225 | D:4      | Slain by an orc wizard

Levels and vault maps discovered:
D:1:      minmay_arrival_radiant_lines, layout_basic, serial_rivers,
          chequers_serial_rivers_room_a, chequers_serial_rivers_small_b,
          chequers_serial_rivers_small_b, chequers_serial_rivers_micro_b
D:2:      layout_rooms
D:4:      minmay_opposing_rooms, layout_cave_pools, temple_hall, serial_shops,
          shop, minmay_checkerbox, uniq_robin, uniq_eustachio, uniq_sigmund,
          uniq_crazy_yiuf_cottage

Skill      XL: |  1  2 |
---------------+-------+-----
Dodging        | 1 |  1.2
Stealth        | 4 |  4.6
Short Blades   | 2 |  2.3
Fighting       | |  2.4
Throwing       | |  1.8

Action                   || total
-------------------------++-------
Melee: Dagger            ||    81
       Kick              ||    13
 Fire: Blowgun           ||     1
  Use: Scroll            ||     3
       Potion            ||     4
 Stab: Sleeping          ||     9
  Eat: Chunk             ||     1
Armor: Robe              ||    16
Dodge: Dodged            ||    62

Table legend:
 A = Non-vault XP
 B = Vault XP
 C = Vault XP percentage of total XP
 D = Non-vault monster count
 E = Vault monster count
 F = Vault count percentage of total count
                 A         B        C        D         E       F
            +---------+---------+-------+---------+---------+-------
      Total |      92 |       0 |   0.0 |      29 |       0 |   0.0
            +---------+---------+-------+---------+---------+-------
        D:1 |      42 |       0 |   0.0 |      22 |       0 |   0.0
        D:2 |      10 |       0 |   0.0 |       6 |       0 |   0.0
        D:4 |      40 |       0 |   0.0 |       1 |       0 |   0.0
            +---------+---------+-------+---------+---------+-------
